[Event "Team 45 45 League T58"]
[Site "Internet Chess Club"]
[Date "2013.08.29"]
[Round "2"]
[White "Heian"]
[Black "Schachteufel"]
[Result "1-0"]
[WhiteElo "1712"]
[BlackElo "1661"]
[Opening "Two knights defense (Modern bishop's opening)"]
[ECO "C55"]
[Time "10:10:24"]
[TimeControl "2700+45"]

1. e4 e5 2. Nf3 Nc6 3. Bc4 Nf6 4. d3 d5 5. exd5 Nxd5 6. h3 Bc5 7. Nc3 Nxc3 8.
bxc3 O-O 9. O-O Qf6 10. Be3 Bd6 11. Ng5 h6 12. Ne4 Qg6 13. Qf3 Kh8 14. Nxd6 cxd6
15. Kh2 Ne7 16. Qg3 f5 17. f4 Qxg3+ 18. Kxg3 d5 19. Bb3 e4 20. Bc5 Re8 21. Bxe7
Rxe7 22. Bxd5 Rb8 23. dxe4 fxe4 24. Rfe1 Bf5 25. Re3 Rd8 26. Bb3 b5 27. Rae1 a5
28. a4 bxa4 29. Bxa4 Rc8 30. Kf2 Rec7 31. g4 Bh7 32. f5 Rxc3 33. Rxc3 Rxc3 34.
Rxe4 Rxh3 35. Re8+ Bg8 36. Bb3 Rxb3 37. cxb3 Kh7 38. Rb8 h5 39. g5 Bd5 40. Kg3
Be4 41. Kf4 Bc2 42. g6+ Kh6 43. Rh8# {Black checkmated} 1-0

[Event "Team 45 45 League T58"]
[Site "Internet Chess Club"]
[Date "2013.09.01"]
[Round "2"]
[White "badmove"]
[Black "QuieroAprender"]
[Result "1-0"]
[WhiteElo "1668"]
[BlackElo "1671"]
[Opening "QGD: 4.Nf3"]
[ECO "D37"]
[Time "18:15:55"]
[TimeControl "2700+45"]

1. d4 d5 2. c4 Nf6 3. Nc3 e6 4. Nf3 Be7 5. Bg5 dxc4 6. e3 Nd5 7. Bxe7 Nxe7 8.
Bxc4 O-O 9. O-O a6 10. Qc2 b5 11. Bd3 Ng6 12. Be4 Ra7 13. Ne5 Nxe5 14. dxe5 Bb7
15. Bxh7+ Kh8 16. Be4 f5 17. exf6 Rxf6 18. Bxb7 Rxb7 19. Rad1 Qe7 20. Ne4 Rh6
21. Rd2 c5 22. Rfd1 g6 23. Nxc5 Rc7 24. Qc3+ e5 25. Rd8+ Kh7 26. b4 Nc6 27. R8d7
{Black resigns} 1-0

[Event "Team 45 45 League T58"]
[Site "Internet Chess Club"]
[Date "2013.09.01"]
[Round "2"]
[White "BigH"]
[Black "Otelo"]
[Result "1-0"]
[WhiteElo "2131"]
[BlackElo "1818"]
[Opening "King's Indian: Torre attack"]
[ECO "A48"]
[Time "08:05:19"]
[TimeControl "2700+45"]

1. d4 Nf6 2. Nf3 g6 3. Bg5 Bg7 4. Nbd2 O-O 5. c3 d5 6. e3 Nbd7 7. Bd3 c5 8. O-O
cxd4 9. exd4 h6 10. Bh4 g5 11. Bg3 Nh5 12. Be5 Nxe5 13. Nxe5 Nf4 14. Ndf3 Bg4
15. Nxg4 {Black resigns} 1-0

[Event "Team 45 45 League T58"]
[Site "Internet Chess Club"]
[Date "2013.08.30"]
[Round "2"]
[White "fishhead"]
[Black "zap2"]
[Result "1/2-1/2"]
[WhiteElo "1809"]
[BlackElo "1764"]
[Opening "Pirc: Austrian attack, 6.Bd3"]
[ECO "B07"]
[Time "11:01:05"]
[TimeControl "2700+45"]

1. e4 d6 2. f4 Nf6 3. Nc3 g6 4. Nf3 Bg7 5. d4 O-O 6. Bd3 c5 7. Be3 Ng4 8. Bg1
cxd4 9. Nxd4 e5 10. Nde2 exf4 11. Nxf4 Nc6 12. Qd2 Be6 13. O-O-O Qa5 14. a3 Rfc8
15. Nb5 Qxd2+ 16. Rxd2 Na5 17. g3 Nb3+ 18. Kd1 Nxd2 19. Kxd2 Bxb2 20. Nxe6 fxe6
21. Nxd6 Rf8 22. Bc5 Nf2 23. Rb1 Nxd3 24. Kxd3 b6 25. Rxb2 bxc5 26. Rb5 Rf3+ 27.
Kc4 Rxa3 28. Rxc5 a5 29. e5 Rb8 30. c3 Ra4+ 31. Kd3 Ra2 32. h4 a4 33. Rc7 a3 34.
Ra7 Ra1 35. Ne4 Rf8 36. Nf6+ Rxf6 37. exf6 a2 38. Kc2 Rg1 39. Rxa2 Kf7 40. Ra7+
Kxf6 41. Rxh7 Rxg3 42. c4 Ke5 43. h5 g5 44. h6 Rh3 45. Rg7 Kf6 46. c5 Rxh6 47.
Rd7 Rh8 48. Kd3 Rc8 49. Kd4 g4 50. Ra7 Kf5 51. Rf7+ Kg6 52. Rf1 Kg5 53. Rc1 g3
54. Ke3 Kg4 55. c6 Kh3 56. c7 Kh2 57. Kf3 Rf8+ 58. Ke4 Rc8 59. Ke5 g2 60. Kxe6
g1=Q 61. Rxg1 Kxg1 62. Kd7 {Game drawn by mutual agreement} 1/2-1/2

[Event "Team 45 45 League T58"]
[Site "Internet Chess Club"]
[Date "2013.08.27"]
[Round "2"]
[White "Riddick"]
[Black "justice02"]
[Result "0-1"]
[WhiteElo "1867"]
[BlackElo "1786"]
[Opening "Caro-Kann: two knights variation"]
[ECO "B11"]
[Time "20:00:08"]
[TimeControl "2700+45"]

1. e4 c6 2. Nc3 d5 3. Nf3 g6 4. d4 Bg7 5. Bf4 Nf6 6. e5 Ng8 7. Qd2 h5 8. Bd3 Bh6
9. Bxh6 Nxh6 10. O-O-O Bf5 11. Bxf5 Nxf5 12. Ng5 e6 13. h4 Qe7 14. Kb1 Nd7 15.
Ne2 O-O-O 16. Rc1 Kb8 17. Rh3 Nb6 18. Rf3 Nc4 19. Qf4 Qb4 20. b3 Nd2+ 21. Kb2
Nxf3 22. c3 Qe7 23. Nxf3 Ka8 24. g3 Rhf8 25. Re1 Rc8 26. Nc1 c5 27. dxc5 Qxc5
28. Qd2 Rc7 29. Nd3 Qb6 30. Rc1 Rfc8 31. Rc2 d4 32. c4 Rxc4 33. Rxc4 Rxc4 34.
Ng5 Rc7 35. Ne4 a5 36. Qg5 Ka7 37. Nd6 Nxd6 38. exd6 Qxd6 39. Qxa5+ Kb8 40. Ne5
d3 41. Nc4 Rxc4 {White resigns} 0-1

[Event "Team 45 45 League T58"]
[Site "Internet Chess Club"]
[Date "2013.08.31"]
[Round "2"]
[White "jps7"]
[Black "Egmont"]
[Result "0-1"]
[WhiteElo "1710"]
[BlackElo "1760"]
[Opening "Queen's pawn game"]
[ECO "D04"]
[Time "09:01:02"]
[TimeControl "2700+45"]

1. d4 d5 2. Nf3 Nf6 3. e3 c6 4. h3 Bf5 5. Bd3 e6 6. O-O Nbd7 7. Nbd2 Ne4 8. c3
Nxc3 9. bxc3 Bxd3 10. Re1 Nf6 11. Nb3 Be4 12. Ne5 h6 13. Bd2 Bd6 14. f4 O-O 15.
Qe2 Ba3 16. Nd3 Bxd3 17. Qxd3 Ne4 18. Rab1 b5 19. Bc1 Be7 20. Nd2 Bh4 21. Rf1
Nxd2 22. Bxd2 a5 23. a3 a4 24. Rbc1 Be7 25. Ra1 Bd6 26. Ra2 Qe7 27. Bc1 f5 28.
Rf3 Qh4 29. Qe2 Rf6 30. Kh2 g5 31. Rg3 Kh7 32. Rf3 Qh5 33. Qf2 g4 34. Rg3 Rff8
35. Kg1 Be7 36. Qe2 Rg8 37. hxg4 fxg4 38. e4 Qg6 39. f5 exf5 40. exf5 Qg7 41.
Bf4 Rae8 42. Be5 Bf6 43. Re3 Qg5 44. Qd3 Rgf8 45. Rf2 Rf7 46. g3 Rfe7 47. Rfe2
Kg8 48. Bf4 Qg7 49. Rxe7 Rxe7 50. Re6 Rxe6 51. fxe6 Be7 52. Qf5 Bxa3 53. Be5 Qh7
54. Qxg4+ Kf8 55. Qf4+ Ke8 56. Bd6 Bxd6 57. Qxd6 Qa7 58. Qxc6+ Ke7 59. Qxd5 a3
60. Qf5 Qc7 61. Qf7+ Kd6 62. Qf8+ Kxe6 63. Qxa3 Qxg3+ 64. Kf1 Qf3+ 65. Ke1 Qe3+
66. Kd1 Qd3+ 67. Kc1 Kf5 68. Qc5+ Ke4 69. Qc6+ Ke3 70. Qxh6+ Ke2 71. Qh2+ Ke3
72. Qg3+ Ke2 73. Qxd3+ Kxd3 74. Kb2 Kc4 75. Ka3 Kxc3 76. d5 b4+ 77. Ka2 Kc2 78.
d6 b3+ 79. Ka3 b2 80. d7 b1=Q 81. d8=Q Qb3# {White checkmated} 0-1

[Event "Team 45 45 League T58"]
[Site "Internet Chess Club"]
[Date "2013.08.30"]
[Round "2"]
[White "chess09"]
[Black "Buford-Julep"]
[Result "1/2-1/2"]
[WhiteElo "1968"]
[BlackElo "1739"]
[Opening "QGA: classical, Rubinstein variation"]
[ECO "D27"]
[Time "20:00:52"]
[TimeControl "2700+45"]

1. d4 d5 2. c4 dxc4 3. e3 Nf6 4. Bxc4 e6 5. Nf3 c5 6. O-O a6 7. a4 Nc6 8. Nc3
Be7 9. b3 cxd4 10. exd4 Nb4 11. Ba3 Nbd5 12. Nxd5 Nxd5 13. Bxd5 Qxd5 14. Bxe7
Kxe7 15. Re1 Rd8 16. Qd3 Bd7 17. Qxh7 Rh8 18. Qd3 Bc6 19. Rad1 Rh5 20. Rc1 Rah8
21. Rc5 Rxh2 22. Kf1 Rh1+ 23. Ke2 Rxe1+ 24. Kxe1 Qd6 25. Ke2 Rd8 26. Qc3 Qf4 27.
Rc4 Qe4+ 28. Qe3 Bd5 29. Qxe4 Bxe4 30. Ne5 f6 31. Nf3 Kd7 32. Ke3 Bd5 33. Rc3
Rc8 34. Rxc8 Kxc8 35. b4 g5 36. Ne1 Kc7 37. g3 Kc6 38. Kd3 Bb3 39. a5 Kb5 40.
Kc3 Bd5 41. Nc2 Bg2 42. Na3+ Kc6 43. Nc4 Bd5 44. Nb6 f5 45. f4 gxf4 46. gxf4 Bf3
47. Nc4 Bd5 48. Ne5+ Kb5 49. Nd7 Kc6 50. Nc5 Kb5 51. Nd7 Kc6 52. Nb6 Bf3 53. Kb3
Kb5 54. Kc3 Be4 55. Nc4 Bd5 56. Nd6+ Kc6 57. Nf7 Kc7 58. Ne5 Kd6 59. Ng6 Kd7 60.
Kd3 Kc6 61. Kc3 Kd7 62. Ne5+ Kd6 63. Kd3 Ke7 64. Ke3 Kd6 65. Nd3 Kc6 66. Kd2 Kb5
67. Kc3 Be4 68. Nc5 Bd5 69. Nd7 Kc6 70. Nb6 Bf3 71. Kc4 Be2+ 72. Kc3 Bf3 73. Nc8
Kd7 74. Nb6+ Kc6 75. Nc4 Bd5 {Game drawn by mutual agreement} 1/2-1/2

[Event "Team 45 45 League T58"]
[Site "Internet Chess Club"]
[Date "2013.09.04"]
[Round "2"]
[White "az2112"]
[Black "bondguy01"]
[Result "0-1"]
[WhiteElo "1638"]
[BlackElo "1702"]
[Opening "Sicilian: Labourdonnais-Löwenthal (Kalashnikov) variation"]
[ECO "B32"]
[Time "21:00:07"]
[TimeControl "2700+45"]

1. e4 c5 2. Nf3 Nc6 3. d4 cxd4 4. Nxd4 e5 5. Nb5 d6 6. c4 Be7 7. N1c3 a6 8. Na3
Be6 9. Nd5 Rc8 10. Be3 Bg5 11. Nc2 Bxe3 12. Ncxe3 Nd4 13. Be2 Nf6 14. Nxf6+ Qxf6
15. Nd5 Qg6 16. Ne3 Qxe4 17. O-O O-O 18. Bd3 Qc6 19. Nd5 Bxd5 20. cxd5 Qxd5 21.
Qh5 g6 22. Qg5 Kg7 23. f4 f6 24. Qg4 f5 {White resigns} 0-1

[Event "Team 45 45 League T58"]
[Site "Internet Chess Club"]
[Date "2013.09.01"]
[Round "2"]
[White "Sir-Sinister"]
[Black "Goli"]
[Result "1-0"]
[WhiteElo "2045"]
[BlackElo "1830"]
[Opening "Dunst (Sleipner, Heinrichsen) opening"]
[ECO "A00"]
[Time "17:00:11"]
[TimeControl "2700+45"]

1. Nc3 g6 2. h4 Nf6 3. e4 d6 4. Be2 Bg7 5. h5 h6 6. hxg6 fxg6 7. d4 Be6 8. Nf3
Nbd7 9. Qd3 Bf7 10. e5 Nh5 11. g4 dxe5 12. gxh5 exd4 13. hxg6 Be6 14. Nxd4 Nc5
15. Qb5+ c6 16. Nxc6 Qd6 17. Ne5+ Nd7 18. Nxd7 Bxd7 19. Qd3 Qe6 20. Nd5 Bc6 21.
Nc7+ {Black resigns} 1-0

[Event "Team 45 45 League T58"]
[Site "Internet Chess Club"]
[Date "2013.08.28"]
[Round "2"]
[White "room-matt"]
[Black "CzwartyWymiar"]
[Result "0-1"]
[WhiteElo "1802"]
[BlackElo "1950"]
[Opening "Richter-Veresov attack"]
[ECO "D01"]
[Time "14:00:50"]
[TimeControl "2700+45"]

1. d4 Nf6 2. Nc3 d5 3. Bg5 c6 4. e3 Qb6 5. Rb1 Ne4 6. Nxe4 dxe4 7. Qd2 e5 8.
dxe5 Be6 9. Rd1 Nd7 10. Bc4 Qxb2 11. Bxe6 Bb4 12. Bxd7+ Kf8 13. Ke2 Bxd2 14.
Rxd2 Qxe5 15. Nh3 Qb5+ 16. Ke1 f6 17. Bf4 Ke7 18. Bc7 Rad8 19. Bxd8+ Rxd8 20.
Bg4 Qa5 {White resigns} 0-1

[Event "Team 45 45 League T58"]
[Site "Internet Chess Club"]
[Date "2013.09.02"]
[Round "2"]
[White "elmaestro"]
[Black "Ayensa80"]
[Result "0-1"]
[WhiteElo "1832"]
[BlackElo "1798"]
[Opening "English opening"]
[ECO "A20"]
[Time "13:49:06"]
[TimeControl "2700+45"]

1. c4 e5 2. g3 Nc6 3. Bg2 f5 4. e3 Nf6 5. Ne2 Be7 6. O-O O-O 7. Nbc3 d6 8. d4
Qe8 9. dxe5 dxe5 10. Nd5 Nxd5 11. cxd5 Nb8 12. d6 Bxd6 13. Qb3+ Kh8 14. Bxb7
Bxb7 15. Qxb7 Nc6 16. Nc3 Rb8 17. Qa6 e4 18. Qe2 Ne5 19. Nb1 Nf3+ 20. Kg2 Qh5
21. Rh1 g5 22. Bd2 g4 23. Bc3+ Be5 24. Bxe5+ Nxe5 25. Nc3 Qh3+ 26. Kg1 Nf3+
{White resigns} 0-1

[Event "Team 45 45 League T58"]
[Site "Internet Chess Club"]
[Date "2013.09.02"]
[Round "2"]
[White "chrisgianno"]
[Black "nanning"]
[Result "1-0"]
[WhiteElo "1729"]
[BlackElo "1635"]
[Opening "Sicilian: Grand Prix attack"]
[ECO "B21"]
[Time "13:28:43"]
[TimeControl "2700+45"]

1. e4 c5 2. f4 d5 3. exd5 Nf6 4. Bb5+ Nbd7 5. Nc3 a6 6. Be2 Nb6 7. d3 Nbxd5 8.
Nxd5 Qxd5 9. Nf3 e6 10. O-O Be7 11. Ne5 O-O 12. Bf3 Qd6 13. Bd2 Rb8 14. Qe1 Qd4+
15. Qf2 Qxb2 16. Rfb1 Qxc2 17. Bd1 Qxb1 18. Rxb1 Bd7 19. g4 Bb5 20. Rxb5 axb5
21. g5 {Black resigns} 1-0